 Dungeon Crawl Stone Soup version 0.31.0-12-g77e489cdc1 (webtiles) character file.

Game seed: 13236612193578777225

3426 MathMan16 the Thaumaturge (level 9, -8/52 HPs)
             Began as a Deep Elf Ice Elementalist on Feb 18, 2024.
             Was a Follower of Vehumet.
             Killed from afar by a manticore (20 damage)
             ... with a volley of spikes
             ... on level 7 of the Dungeon.
             The game lasted 00:27:43 (8530 turns).

MathMan16 the Thaumaturge (DEIE)                    Turns: 8530, Time: 00:27:44

Health: -8/52      AC: 16    Str:  5    XL:     9   Next: 76%
Magic:  12/24      EV: 15    Int: 31    God:    Vehumet [*.....]
Gold:   169        SH:  0    Dex: 15    Spells: 12/26 levels left

rFire   . . .        o - +2 dagger (speed)
rCold   . . .        (no shield)
rNeg    . . .        a - +0 robe
rPois   .            (no helmet)
rElec   .            (no cloak)
rCorr   .            (no gloves)
SInv    .            G - +0 pair of boots
Will    .....        (no amulet)
Stlth   ++           s - +6 ring of intelligence
HPRegen 0.28/turn    p - +4 ring of protection
MPRegen 0.19/turn

%: no passive effects
@: ice-armoured, spiked
A: no striking features
a: Renounce Religion


You were on level 7 of the Dungeon.
You worshipped Vehumet.
Vehumet was aware of your devotion.
You visited 2 branches of the dungeon, and saw 8 of its levels.

You collected 369 gold pieces.
You spent 200 gold pieces at shops.

Inventory:

Hand Weapons
 e - a +0 dagger of protection
 g - a +1 vampiric dagger
 o - a +2 dagger of speed (weapon)
 u - a +2 dagger of venom
 H - a +3 halberd
Missiles
 M - 4 datura-tipped darts
 N - 15 poisoned darts
Armour
 a - a +0 robe (worn)
 d - a +0 tower shield
 m - a +0 kite shield
 n - a +0 leather armour
 r - the +2 plate armour of the Sky {Harm Rampage Dex-4}
   (You found it on level 2 of the Dungeon)

   Dex-4:     It affects your dexterity (-4).
   Harm:      It increases damage dealt and taken.
   Rampage:   It bestows one free step when moving towards enemies.
 G - a +0 pair of boots (worn)
Magical Staves
 y - a staff of fire
Jewellery
 p - a +4 ring of protection (right hand)
 s - a +6 ring of intelligence (left hand)
 t - a ring of protection from fire
 v - a +6 ring of dexterity
Wands
 K - a wand of flame (12)
Scrolls
 c - a scroll of summoning
 h - 2 scrolls of poison
 i - 2 scrolls of fear
 j - 10 scrolls of teleportation
 k - 3 scrolls of immolation
 x - a scroll of revelation {unknown}
 D - a scroll of blinking {unknown}
 E - 2 scrolls of enchant weapon
 F - a scroll of fog {unknown}
 L - a scroll of acquirement {unknown}
Potions
 b - a potion of magic
 f - a potion of haste
 l - 3 potions of curing
 q - a potion of heal wounds
 w - a potion of enlightenment {unknown}
 z - a potion of lignification {unknown}
 A - a potion of might {unknown}
 B - a potion of mutation {unknown}
 C - a potion of resistance {unknown}
 I - a potion of brilliance {unknown}
 J - a potion of invisibility {unknown}


   Skills:
 + Level 4.7 Fighting
 + Level 6.2 Dodging
 - Level 2.4 Stealth
 + Level 9.2 Spellcasting
 * Level 7.4 Conjurations
 + Level 8.6 Ice Magic


You had 12 spell levels left.
You knew the following spells:

 Your Spells              Type           Power      Damage    Failure   Level
a - Freeze                Ice            100%       1d10      1%          1
b - Frozen Ramparts       Ice            100%       1d16      1%          3
c - Ozocubu's Armour      Ice            61%        N/A       1%          3
d - Summon Ice Beast      Ice/Summ       41%        N/A       1%          3
e - Hailstorm             Conj/Ice       59%        3d11      1%          3
f - Magic Dart            Conj           100%       1d8       1%          1

Your spell library contained the following spells:

 Spells                   Type           Power      Damage    Failure   Level
 Kiss of Death            Conj/Necr      100%       2d13      1%          1
 Sting                    Conj/Alch      100%       1d9       1%          1
 Lesser Beckoning         Tloc           28%        N/A       5%          2
 Mercury Vapours          Alch/Air       28%        N/A       5%          2
 Confusing Touch          Hex            14%        N/A       11%         3
 Gell's Gravitas          Tloc           14%        N/A       11%         3
 Teleport Other           Tloc           14%        N/A       11%         3
 Dispel Undead            Necr           14%        3d10      34%         4
 Olgreb's Toxic Radiance  Alch           14%        N/A       34%         4
 Ozocubu's Refrigeration  Ice            30%        4d14      65%         7
 Discord                  Hex            7%         N/A       100%        8


Dungeon Overview and Level Annotations

Branches:
Dungeon (7/15)             Temple (1/1) D:4

Altars:
Ashenzari
Dithmenos
Elyvilon
Gozag
Kikubaaqudgha
Makhleb
Nemelex Xobeh
Okawaru
Qazlal
Ru
Sif Muna
Trog
Uskayaw
Vehumet
Zin

Shops:
D:3 :

Annotations:
D:7 1 runed translucent door, Crazy Yiuf


Message History

The volley of spikes misses you.
Casting: Magic Dart (safe; 1% risk of failure)
Confirm with . or Enter, or press ? or * to list all spells.
Aiming: Magic Dart (safe; 1% risk of failure)
Press: ? - help, Shift-Dir - straight line, f/p - manticore
Aim: a manticore (heavily wounded, 100% to hit)
The magic dart hits the manticore.
The manticore is heavily wounded.
The manticore flicks its tail.
The volley of spikes misses you.
Casting: Magic Dart (safe; 1% risk of failure)
Confirm with . or Enter, or press ? or * to list all spells.
Aiming: Magic Dart (safe; 1% risk of failure)
Press: ? - help, Shift-Dir - straight line, f/p - manticore
Aim: a manticore (heavily wounded, 100% to hit)
The magic dart hits the manticore.
The manticore is severely wounded.
Unknown command.
Casting: Magic Dart (safe; 1% risk of failure)
Confirm with . or Enter, or press ? or * to list all spells.
Aiming: Magic Dart (safe; 1% risk of failure)
Press: ? - help, Shift-Dir - straight line, f/p - manticore
Aim: a manticore (severely wounded, 100% to hit)
The magic dart hits the manticore.
The manticore is almost dead.
The manticore flicks its tail.
The volley of spikes skewers you!
The barbed spikes become lodged in your body.
* * * LOW HITPOINT WARNING * * *
Casting: Magic Dart (safe; 1% risk of failure)
Confirm with . or Enter, or press ? or * to list all spells.
Aiming: Magic Dart (safe; 1% risk of failure)
Press: ? - help, Shift-Dir - straight line, f/p - manticore
Aim: a manticore (severely wounded, 100% to hit)
The magic dart hits the manticore but does no damage.
The manticore is severely wounded.
The manticore flicks its tail.
The volley of spikes skewers you!!
The barbed spikes become lodged in your body.
You die...

.#≈.#≈.# ##....###
....#~≈## ###.##
.....#~≈# #### ##.#
≈....#.≈###..### #..#
≈≈....#..##....###H##
......##........#..#
......######....#.##
.......# ##...#.#
#####..## ###.@.#
#####...# ##.##
........# ##..#
........######...##
####......#.......#
######..######.# ####
###


You could see a manticore.

Vanquished Creatures
  A gargoyle (D:7)
  An unseen horror (D:7)
  A wyvern (D:6)
  5 yaks (D:7)
  A steam dragon (D:7)
  A vampire mosquito (D:6)
  3 black bears (D:5)
  An ice beast (D:7)
  An ogre (D:5)
  2 phantoms (D:4)
  2 kobold brigands
  2 scorpions
  2 wights (D:5)
  A bombardier beetle (D:5)
  2 jellies
  2 hounds
  5 iguanas
  7 adders
  5 orcs
  9 endoplasms
  2 giant cockroaches
  7 goblins
  3 hobgoblins
  6 jackals (D:5)
  2 quokkas
  8 ball pythons
  5 bats
  A frilled lizard (D:1)
  14 kobolds
  2 rats (D:1)
104 creatures vanquished.

Vanquished Creatures (collateral kills)
  A yak (D:7)
  A centaur (D:6)
  2 wights (D:5)
  A jelly (D:6)
  An adder (D:5)
  A shadow imp (D:5)
  A ribbon worm (D:4)
  An orc (D:7)
  3 ball pythons (D:4)
  3 kobolds
15 creatures vanquished.

Vanquished Creatures (others)
  An orc (D:7)
1 creature vanquished.

Grand Total: 120 creatures vanquished

Notes
Turn   | Place    | Note
-------+----------+-------------------------------------------
     0 | D:1      | MathMan16 the Deep Elf Ice Elementalist began the quest for
                  | the Orb.
     0 | D:1      | Reached XP level 1. HP: 10/10 MP: 6/6
   344 | D:1      | Reached XP level 2. HP: 15/15 MP: 6/8
  1294 | D:2      | Found a faded altar of an unknown god.
  1304 | D:2      | Reached XP level 3. HP: 15/20 MP: 6/10
  1394 | D:2      | Learned a level 3 spell: Frozen Ramparts
  1398 | D:2      | Learned a level 3 spell: Ozocubu's Armour
  1550 | D:2      | Reached skill level 4 in Spellcasting
  1810 | D:2      | Identified the +2 plate armour of the Sky {Harm Rampage
                  | Dex-4}
  1902 | D:2      | Learned a level 3 spell: Summon Ice Beast
  1931 | D:2      | Reached skill level 1 in Fighting
  1931 | D:2      | Reached skill level 5 in Ice Magic
  2195 | D:3      | Found Reref's Book Boutique.
  2731 | D:3      | Reached XP level 4. HP: 25/25 MP: 8/12
  2824 | D:4      | Noticed a phantom
  2849 | D:4      | Killed a phantom
  2850 | D:4      | Reached skill level 5 in Spellcasting
  2850 | D:4      | Reached XP level 5. HP: 27/29 MP: 0/14
  2997 | D:4      | Noticed a phantom
  3044 | D:4      | Killed a phantom
  3313 | D:4      | Reached XP level 6. HP: 29/35 MP: 10/16
  3474 | D:4      | Found a burning altar of Makhleb.
  3478 | D:4      | Reached skill level 6 in Spellcasting
  3684 | D:4      | Found a staircase to the Ecumenical Temple.
  3690 | Temple   | Entered the Ecumenical Temple
  3726 | Temple   | Became a worshipper of Vehumet
  4128 | D:5      | Entered Level 5 of the Dungeon
  4264 | D:5      | Found an opulent altar of Gozag.
  4265 | D:5      | Found a white marble altar of Elyvilon.
  4576 | D:5      | Reached XP level 7. HP: 40/40 MP: 13/19
  4658 | D:3      | Bought a book of Frost for 200 gold pieces
  4662 | D:3      | Learned a level 3 spell: Hailstorm
  4761 | D:5      | Reached skill level 1 in Conjurations
  5064 | D:5      | Reached skill level 7 in Spellcasting
  5433 | D:6      | Noticed a gargoyle
  5820 | D:5      | Reached XP level 8. HP: 12/46 MP: 1/21
  6651 | D:6      | Reached * piety under Vehumet
  6651 | D:6      | Offered knowledge of Magic Dart by Vehumet.
  6654 | D:6      | Learned a level 1 spell: Magic Dart
  6983 | D:6      | Identified the +9 whip of Qucoaff {flame, Dex+4}
  7068 | D:6      | Reached skill level 8 in Spellcasting
  7404 | D:7      | Noticed a gargoyle
  7426 | D:6      | Reached skill level 5 in Conjurations
  7536 | D:7      | Killed a gargoyle
  7537 | D:7      | Reached skill level 5 in Dodging
  7537 | D:7      | Reached XP level 9. HP: 42/52 MP: 12/23
  7607 | D:7      | Noticed a manticore
  8003 | D:7      | Reached skill level 9 in Spellcasting
  8165 | D:7      | Found a runed translucent door.
  8166 | D:7      | Noticed Crazy Yiuf
  8497 | D:7      | Killed an unseen horror
  8530 | D:7      | Killed from afar by a manticore

Illustrated notes

Levels and vault maps discovered:
D:1:      saegor_arrival_under_anarchy, layout_basic, grunt_decor_junction,
          serial_bayou_pond_c, chequers_big_river, hex_tiny,
          serial_park_tiny_pond
D:2:      layout_loops_cross, hellmonk_ecumenical_altar_blasted,
          kennysheep_path_1, st_stairs_9
D:3:      layout_loops_cross, serial_shops, shop, minmay_crystal_water
D:4:      layout_cave_pods, makhleb_heckhound_becter,
          minmay_temple_entry_statues_pillars
D:5:      layout_loops_ring, jmf_multi_god_temple, serial_rivers,
          chequers_serial_rivers_room_b, chequers_serial_rivers_room_a,
          chequers_serial_rivers_micro_a, chequers_serial_rivers_micro_e
D:6:      layout_basic
D:7:      layout_cave_pods, chequers_serial_rivers_small_b, kb_rosetta,
          uniq_crazy_yiuf_cottage
Temple:   nicolae_temple_hex_pool

Skill      XL: |  1  2  3  4  5  6  7  8  9 |
---------------+----------------------------+-----
Spellcasting   | 4 5 6 7 8 9 |  9.2
Fighting       | 1 2 3 4 |  4.7
Ice Magic      | 5 6 7 8 |  8.6
Conjurations   | 3 5 7 |  7.4
Dodging        | 3 5 6 |  6.2
Stealth        | |  2.4

Action                     |  1- 3 |  4- 6 |  7- 9 || total
---------------------------+-------+-------+-------++-------
  Melee: Unarmed           |     2 |       |       ||     2
         Dagger            |       |    24 |     6 ||    30
   Cast: Freeze            |    50 |    10 |    23 ||    83
         Frozen Ramparts   |     4 |    21 |    25 ||    50
         Summon Ice Beast  |       |    11 |    25 ||    36
         Ozocubu's Armour  |       |     4 |    19 ||    23
         Hailstorm         |       |       |    24 ||    24
         Magic Dart        |       |       |    27 ||    27
    Use: Scroll            |       |       |     7 ||     7
         Potion            |       |       |     2 ||     2
 Armour: Robe              |    13 |    13 |    79 ||   105
  Dodge: Dodged            |    20 |    16 |    61 ||    97
